 Dungeon Crawl Stone Soup version 0.24-a0-784-g601f8f6d22 (webtiles) character file.

Game seed: 12227848672902865362, levelgen mode: deterministic

30739 E5v7xujuF the Warrior (level 13, -7/128 HPs)
             Began as a Minotaur Berserker on Oct 9, 2019.
             Was an Elder of Trog.
             Killed from afar by a shock serpent (12 damage)
             ... with an electric aura
             ... on level 2 of the Snake Pit.
             The game lasted 01:26:40 (16383 turns).

E5v7xujuF the Warrior (Minotaur Berserker)         Turns: 16383, Time: 01:26:41

Health: -7/128     AC: 22    Str: 22    XL:     13   Next: 22%
Magic:  11/15      EV: 12    Int:  5    God:    Trog [****..]
Gold:   889        SH:  6    Dex: 14    Spells: 12/12 levels left

rFire    . . .     SeeInvis +   V - +2 hand axe (vamp)
rCold    . . .     Gourm    .   n - +0 buckler
rNeg     . . .     Faith    .   J - +0 plate armour
rPois    .         Spirit   .   (helmet restricted)
rElec    .         Reflect  .   s - +2 cloak
rCorr    .         Harm     +   M - +2 pair of gloves
MR       .....                  (no boots)
Stlth    ..........             o - amulet of harm
HPRegen  0.31/turn              t - ring of see invisible
MPRegen  0.14/turn              R - ring of flight

@: starving
A: retaliatory headbutt, horns 2
a: Berserk, Trog's Hand, Brothers in Arms, Renounce Religion, Evoke Flight


You were on level 2 of the Snake Pit.
You worshipped Trog.
Trog was greatly pleased with you.
You were starving.

You visited 4 branches of the dungeon, and saw 17 of its levels.
You also visited: Volcano.

You collected 889 gold pieces.

Inventory:

Hand Weapons
 u - a +4 flail
 C - the cursed +1 dagger "Ikekk" {freeze, rElec MR- Str-5 Int+8}
   (You found it on level 8 of the Dungeon)

   It has been specially enchanted to freeze those struck by it, causing extra
   injury to most foes and up to half again as much damage against particularly
   susceptible opponents.
   It can also slow down cold-blooded creatures.
   It affects your strength (-5).
   It affects your intelligence (+8).
   It insulates you from electricity.
   It affects your resistance to hostile enchantments.
   It has a curse placed upon it.
 G - a +4 hand axe
 I - a +2 flail of protection
 V - a +2 vampiric hand axe (weapon)
Armour
 n - a +0 buckler (worn)
 s - a +2 cloak (worn)
 J - a +0 plate armour (worn)
 M - a +2 pair of gloves (worn)
Magical Staves
 b - an uncursed staff of air
Jewellery
 k - an uncursed amulet of the acrobat
 o - an amulet of harm (around neck)
 t - a ring of see invisible (left hand)
 D - an uncursed amulet of the gourmand
 R - a ring of flight (right hand)
Wands
 x - a wand of iceblast (27)
 T - a wand of digging (3)
Scrolls
 f - a scroll of vulnerability {unknown}
 l - 3 scrolls of enchant armour
 p - 3 scrolls of blinking
 q - 2 scrolls of remove curse
 r - 3 scrolls of teleportation
 y - 2 scrolls of amnesia
 z - 4 scrolls of immolation
 A - a scroll of fear
 B - 3 scrolls of magic mapping
 F - 6 scrolls of identify
 K - a scroll of fog
 L - a scroll of enchant weapon {unknown}
 S - a scroll of holy word {unknown}
 U - a scroll of random uselessness {unknown}
Potions
 d - a potion of berserk rage
 e - 2 potions of flight
 g - a potion of mutation {unknown}
 h - 3 potions of curing
 i - 3 potions of might
 j - a potion of brilliance
 m - 3 potions of heal wounds
 v - 3 potions of agility
 w - a potion of invisibility {unknown}
 E - 2 potions of cancellation {unknown}
 H - 2 potions of ambrosia {unknown}
 N - a potion of experience {unknown}
 O - a potion of magic {unknown}
 P - a potion of degeneration {unknown}
 Q - a potion of lignification {unknown}
Miscellaneous
 a - a fan of gales
Comestibles
 c - 12 rations


   Skills:
 * Level 15.7 Fighting
 + Level 6.8(9.1) Axes
 - Level 9.3(10.2) Maces & Flails
 + Level 11.6 Armour
 + Level 10.8 Dodging
 - Level 7.3 Shields
 - Level 5.0 Evocations


You had 12 spell levels left.
You didn't know any spells.
Your spell library contained the following spells:

 Spells                   Type           Power        Failure   Level  Hunger
 Magic Dart               Conj           #...         99%         1    ##.....
 Searing Ray              Conj           #.....       100%        2    ###....
 Dazzling Spray           Conj/Hex       #.....       100%        3    ####...
 Force Lance              Conj/Tloc      #.......     100%        4    #####..
 Fulminant Prism          Conj/Hex       #.........   100%        4    #####..
 Iskenderun's Mystic Bla  Conj           #.......     100%        4    #####..


Dungeon Overview and Level Annotations

Branches:
Dungeon (11/15)            Temple (1/1) D:5            Lair (3/6) D:10
  Snake (1/4) Lair:3      Volcano (visited)
  Swamp: Lair:2-4    Shoals: Lair:2-4       Orc: D:9-12

Altars:
Kikubaaqudgha
Qazlal
Ru
Sif Muna
Trog
Uskayaw
Wu Jian
Zin
Beogh

Shops:
D:7 *

Annotations:
Snake:2 1 runed translucent door, Dexcius's ghost, journeyman MiBe


Innate Abilities, Weirdness & Mutations

You reflexively headbutt those who attack you in melee.
You have a pair of horns on your head.


Message History

The shock serpent is moderately wounded.
The shock serpent barely misses you. x2; You furiously retaliate!
You headbutt the shock serpent, but do no damage.
Unknown command.
You hit the shock serpent.
The shock serpent is heavily wounded.
The shock serpent bites you.
* * * LOW HITPOINT WARNING * * *
The shock serpent shocks you!
* * * LOW HITPOINT WARNING * * *
Unknown command.
You closely miss the shock serpent.
The shock serpent is heavily wounded.
The shock serpent bites you but does no damage.
Unknown command.
You slash the shock serpent!
You feel better.
Your headbutt misses the shock serpent.
The shock serpent is severely wounded.
The shock serpent's electric aura discharges, shocking you!
You die...

#.....#§§§#...##
#.....#§SW#....#
#.....##+##....#
#..............#
#.............#
#............#
#..........##
##.......##.###
##...######@.#
##### #S....#
....##...
......# #
........#
..........#
............#
.............#


You could see a shock serpent, a guardian serpent and Dexcius's ghost.

Vanquished Creatures
  5 hydras
  A naga warrior (Snake:1)
  A naga sharpshooter (Snake:1)
  Pikel (D:7)
  5 mana vipers
  An elephant (Lair:2)
  A salamander (Snake:1)
  11 black mambas
  A naga mage (Snake:1)
  5 spiny frogs
  2 rime drakes
  2 trolls
  A queen bee (Lair:2)
  8 blink frogs
  5 hippogriffs
  5 yaks
  4 wyverns (D:10)
  4 basilisks (Lair:2)
  2 hungry ghosts
  A steam dragon (D:9)
  A vampire mosquito (D:7)
  10 nagas
  12 water moccasins
  5 porcupines
  A swamp drake (D:10)
  2 sky beasts
  An ice beast (D:4)
  A slave (D:7)
  3 orc warriors
  2 phantoms
  A black bear (Lair:3)
  6 ogres
  A necrophage (D:7)
  8 wolves
  2 centaurs
  3 crocodiles
  A big kobold (D:10)
  4 bullfrogs
  A wyvern zombie (D:6)
  7 scorpions
  8 wights
  29 killer bees
  6 howler monkeys
  A centaur zombie (D:7)
  5 crimson imps
  A quasit (D:10)
  7 hounds
  8 orc wizards
  A centaur skeleton (D:7)
  8 orc priests
  2 jellies
  2 bullfrog skeletons
  3 iguanas
  4 worker ants
  2 hound skeletons
  3 gnolls (D:3)
  20 adders
  3 shadow imps
  An ooze (D:1)
  An adder zombie (D:8)
  2 adder skeletons
  2 worms
  2 dart slugs
  2 leopard geckos
  58 orcs
  17 bats
  4 giant cockroaches
  5 goblins
  8 hobgoblins
  10 jackals (D:6)
  13 kobolds
  5 quokkas
  A ball python (D:3)
  4 frilled lizards
  A quokka zombie (D:5)
  6 rats
393 creatures vanquished.

Vanquished Creatures (collateral kills)
  Snorg (Lair:3)
  A naga warrior (Snake:1)
  2 two-headed ogres (D:8)
  A spiny frog (Lair:2)
  2 blink frogs (Lair:2)
  A hippogriff (Lair:2)
  A porcupine (Lair:2)
  A crocodile (Lair:2)
  A centaur zombie (D:8)
11 creatures vanquished.

Vanquished Creatures (others)
  3 bushes (D:9)
  A fungus (Lair:1)
4 creatures vanquished.

Grand Total: 408 creatures vanquished

Notes
Turn   | Place    | Note
-------+----------+-------------------------------------------
     0 | D:1      | E5v7xujuF the Minotaur Berserker began the quest for the
                  | Orb.
     0 | D:1      | Reached XP level 1. HP: 19/19 MP: 0/0
   112 | D:1      | Reached XP level 2. HP: 26/27 MP: 1/1
   142 | D:1      | Reached skill level 4 in Fighting
   428 | D:1      | Reached XP level 3. HP: 27/33 MP: 2/2
   866 | D:2      | Reached ** piety under Trog
  1236 | D:3      | Noticed a hippogriff
  1251 | D:3      | Killed a hippogriff
  1251 | D:3      | Reached skill level 5 in Fighting
  1251 | D:3      | Reached XP level 4. HP: 29/42 MP: 3/3
  1251 | D:3      | Reached XP level 5. HP: 34/48 MP: 4/4
  1635 | D:3      | Reached XP level 6. HP: 50/56 MP: 5/5
  1749 | D:3      | Found a shimmering blue altar of Sif Muna.
  2156 | D:4      | Noticed an ice beast
  2169 | D:4      | Killed an ice beast
  2169 | D:4      | Reached skill level 5 in Axes
  2170 | D:4      | Reached skill level 6 in Fighting
  2639 | D:4      | Reached XP level 7. HP: 63/63 MP: 6/6
  2712 | D:4      | Reached *** piety under Trog
  2869 | D:5      | Entered Level 5 of the Dungeon
  2869 | D:5      | Found a staircase to the Ecumenical Temple.
  2935 | D:5      | Reached skill level 7 in Fighting
  2936 | D:5      | Reached skill level 5 in Armour
  3120 | Temple   | Entered the Ecumenical Temple
  3356 | D:5      | Reached XP level 8. HP: 73/73 MP: 7/7
  3818 | D:5      | Found an ancient bone altar of Kikubaaqudgha.
  3904 | D:6      | Reached skill level 5 in Dodging
  4008 | D:6      | Reached skill level 8 in Fighting
  4008 | D:6      | Reached **** piety under Trog
  4103 | D:6      | Reached skill level 5 in Shields
  4610 | D:6      | Reached skill level 9 in Fighting
  4785 | D:6      | Reached XP level 9. HP: 60/83 MP: 8/8
  4796 | D:6      | Reached skill level 1 in Maces & Flails
  5286 | D:7      | Noticed Pikel
  5297 | D:7      | Killed Pikel
  5297 | D:7      | Reached skill level 10 in Fighting
  5299 | D:7      | Reached ***** piety under Trog
  5340 | D:7      | Found Puczoon's General Store.
  6057 | D:8      | Reached XP level 10. HP: 94/94 MP: 9/9
  6223 | D:8      | Noticed a two-headed ogre
  6237 | D:8      | Killed a two-headed ogre
  6478 | D:8      | Noticed a two-headed ogre
  6485 | D:8      | Killed a two-headed ogre
  6485 | D:8      | Reached skill level 11 in Fighting
  6730 | D:8      | Found a roughly hewn altar of Beogh.
  6826 | D:8      | Got an iridescent dagger
  6827 | D:8      | Identified the cursed +1 dagger "Ikekk" {freeze, rElec MR-
                  | Str-5 Int+8} (You found it on level 8 of the Dungeon)
  7870 | D:10     | Entered Level 10 of the Dungeon
  8254 | D:10     | Reached skill level 12 in Fighting
  8254 | D:10     | Reached skill level 5 in Maces & Flails
  8747 | D:10     | Found a staircase to the Lair.
  9235 | D:11     | Noticed a cyclops
  9460 | Lair:1   | Entered Level 1 of the Lair of Beasts
  9466 | Lair:1   | Reached XP level 11. HP: 88/105 MP: 10/10
 10378 | Lair:1   | Reached skill level 1 in Evocations
 10862 | Lair:2   | Reached skill level 13 in Fighting
 10893 | Lair:2   | Noticed an eight-headed hydra
 10901 | Lair:2   | Killed an eight-headed hydra
 11032 | Lair:2   | Found a dark tunnel.
 11044 | Volcano  | Entered a volcano
 11273 | Lair:2   | Noticed a five-headed hydra
 11280 | Lair:2   | Killed a five-headed hydra
 11693 | Lair:2   | Reached skill level 10 in Armour
 11729 | Lair:2   | Received a gift from Trog
 12329 | Lair:2   | Reached XP level 12. HP: 113/116 MP: 13/13
 12453 | Lair:2   | You fall into a shaft and drop 1 floor!
 12454 | Lair:3   | Noticed a five-headed hydra
 12460 | Lair:3   | Killed a five-headed hydra
 12460 | Lair:3   | Reached skill level 14 in Fighting
 13477 | Lair:3   | Noticed Snorg
 13487 | Lair:3   | Killed Snorg
 13487 | Lair:3   | Reached skill level 10 in Dodging
 13570 | Lair:3   | Noticed a seven-headed hydra
 13576 | Lair:3   | Killed a seven-headed hydra
 13665 | Lair:3   | Found a staircase to the Snake Pit.
 13772 | Lair:3   | Noticed a seven-headed hydra
 13785 | Lair:3   | Killed a seven-headed hydra
 14123 | Snake:1  | Entered Level 1 of the Snake Pit
 14123 | Snake:1  | Noticed a naga warrior
 14157 | Lair:3   | Reached skill level 15 in Fighting
 14582 | Snake:1  | Killed a naga warrior
 15212 | Snake:1  | Reached skill level 5 in Evocations
 15305 | Snake:1  | Reached XP level 13. HP: 90/127 MP: 15/15
 16349 | Snake:1  | You fall into a shaft and drop 1 floor!
 16349 | Snake:2  | Found a runed translucent door.
 16349 | Snake:2  | Noticed Dexcius's ghost (journeyman MiBe)
 16381 | Snake:2  | HP: 3/128 [shock serpent (13)]
 16383 | Snake:2  | Killed from afar by a shock serpent

Levels and vault maps discovered:
D:1:      dpeg_arrival_simpleton_c, layout_rooms
D:2:      layout_rooms, kennysheep_flooded_box
D:3:      layout_loops_cross, minmay_strange_pillars, st_stairs_12, led_sif_book
D:4:      layout_rooms
D:5:      layout_rooms, nicolae_overflow_hidden_temple,
          minmay_temple_entry_arrows, first_ration
D:6:      layout_loops_cross
D:7:      minmay_cornered_nines, layout_basic, serial_shops,
          nicolae_shop_statue_plus, kennysheep_generic_room_9, uniq_pikel
D:8:      layout_cave_pools, special_room [special_room_orc]
D:9:      minmay_klotski, layout_basic
D:10:     layout_stronghold, erik_lair_dragon
D:11:     layout_loops_corners
Temple:   grunt_wide_crystal_templ
Lair:1:   layout_long_grid
Lair:2:   regret_index_combs_of_tragedy, layout_small_grid,
          nicolae_volcano_entry_hallway
Lair:3:   layout_cave_pods, nicolae_swamp_entry_splash_gauntlet,
          minmay_snake_entry_six_corridors, st_stairs_10, uniq_snorg
Snake:1:  layout_layer_cave, nrook_guardian_serpent_ordinary
Snake:2:  layout_cave_pods, ebering_ghost_inner_flame

Skill      XL: |  1  2  3  4  5  6  7  8  9 10 11 12 |
---------------+-------------------------------------+-----
Fighting       | 4 5 6 7 9 10 12 13 15 | 15.7
Axes           | 4 5 6 |  6.8
Armour         | 3 4 5 6 7 9 10 11 | 11.6
Dodging        | 3 4 5 7 8 9 10 | 10.8
Shields        | 2 3 5 6 7 |  7.3
Maces & Flails | 3 5 7 9 |  9.3
Evocations     | 3 5 |  5.0

Action                   |  1- 3 |  4- 6 |  7- 9 | 10-12 | 13-15 || total
-------------------------+-------+-------+-------+-------+-------++-------
Melee: Hand axe          |    92 |    81 |    95 |    63 |    77 ||   408
       Headbutt          |    17 |    15 |    72 |   129 |    17 ||   250
       Flail             |       |       |   253 |   541 |    23 ||   817
Throw: Boomerang         |       |     2 |     2 |       |       ||     4
Invok: Berserk           |     1 |     2 |     7 |    11 |     1 ||    22
       Trog's Hand       |       |       |     1 |     4 |     2 ||     7
       Brothers in Arms  |       |       |       |    12 |       ||    12
 Abil: Evoke Flight      |       |       |       |     1 |       ||     1
  Use: Scroll            |       |     1 |     5 |    11 |       ||    17
       Potion            |       |       |     2 |     4 |     1 ||     7
 Stab: Distracted        |     1 |       |       |       |       ||     1
       Confused          |       |       |       |     1 |       ||     1
  Eat: Chunk             |     1 |     7 |    19 |    23 |       ||    50
       Ration            |       |       |       |     7 |     1 ||     8
Armor: Animal skin       |    10 |       |       |       |       ||    10
       Ring mail         |     9 |    25 |    25 |       |       ||    59
       Chain mail        |       |       |   132 |    23 |       ||   155
       Plate armour      |       |       |       |   381 |    46 ||   427
Dodge: Dodged            |    77 |    63 |   200 |   349 |    40 ||   729
Block: Buckler           |     5 |     9 |    72 |   201 |    15 ||   302

Table legend:
 A = Non-vault XP
 B = Vault XP
 C = Vault XP percentage of total XP
 D = Non-vault monster count
 E = Vault monster count
 F = Vault count percentage of total count
                 A         B        C        D         E       F
            +---------+---------+-------+---------+---------+-------
      Total |   34003 |    9910 |  22.6 |     313 |      90 |  22.3
            +---------+---------+-------+---------+---------+-------
        D:1 |      44 |       0 |   0.0 |      21 |       0 |   0.0
        D:2 |      27 |       0 |   0.0 |      19 |       0 |   0.0
        D:3 |     315 |       3 |   0.9 |      20 |       1 |   4.8
        D:4 |     452 |       0 |   0.0 |      24 |       0 |   0.0
        D:5 |     728 |       0 |   0.0 |      22 |       0 |   0.0
        D:6 |    1442 |       0 |   0.0 |      42 |       0 |   0.0
        D:7 |    1113 |    1146 |  50.7 |      25 |       5 |  16.7
        D:8 |    1551 |     236 |  13.2 |      16 |      23 |  59.0
        D:9 |    1437 |       0 |   0.0 |      19 |       0 |   0.0
       D:10 |    1356 |    1034 |  43.3 |      21 |       6 |  22.2
     Temple |      87 |       0 |   0.0 |       3 |       0 |   0.0
     Lair:1 |    3559 |       0 |   0.0 |      19 |       0 |   0.0
     Lair:2 |    5134 |    5648 |  52.4 |      19 |      42 |  68.9
     Lair:3 |    7986 |    1843 |  18.8 |      21 |      13 |  38.2
    Snake:1 |    8187 |       0 |   0.0 |      21 |       0 |   0.0
    Snake:2 |     585 |       0 |   0.0 |       1 |       0 |   0.0
            +---------+---------+-------+---------+---------+-------
